 Dungeon Crawl Stone Soup version 0.30-a0-782-ge64f9170bb (webtiles) character file.

Game seed: 4494481196878508273

648 IndexError the Shooter (level 7, 0/44 HPs)
             Began as a Gargoyle Hunter on Mar 1, 2023.
             Slain by Edmund
             ... wielding a +2 flail of protection
              (3 damage)
             ... on level 4 of the Dungeon.
             The game lasted 00:09:55 (2980 turns).

IndexError the Shooter (Gargoyle Hunter)            Turns: 2980, Time: 00:09:56

Health: 0/44       AC:  8    Str: 14    XL:     7   Next: 53%
Magic:  7/7        EV: 11    Int: 10    God:
Gold:   173        SH:  0    Dex: 15    Spells: 6/6 levels left

rFire   . . .      SeeInvis .    b - +2 trident (venom)
rCold   . . .      Faith    .    (no shield)
rNeg    + . .      Spirit   .    c - +0 leather armour
rPois   ∞          Reflect  .    (no helmet)
rElec   +          Harm     .    (no cloak)
rCorr   .          Rampage  .    (no gloves)
Will    .....                    f - +0 pair of boots
Stlth   ++                       u - amulet of regeneration {+regen, !d}
HPRegen 1.07/turn                (no ring)
MPRegen 0.10/turn                (no ring)

@: no status effects
A: sickness immunity, AC +4, negative energy resistance 1, electricity
resistance, torment resistance 1, petrification resistance
a: no special abilities


You were on level 4 of the Dungeon.
You visited 1 branch of the dungeon, and saw 5 of its levels.
You also visited: Sewer.

You collected 287 gold pieces.
You spent 114 gold pieces at shops.

Inventory:

Hand Weapons
 a - a +0 shortbow of freezing
 b - a +2 trident of venom (weapon)
   (You took it off an orc on level 3 of the Dungeon)
Missiles
 J - a curare-tipped dart
Armour
 c - a +0 leather armour (worn)
 f - a +0 pair of boots (worn)
   (You found it on level 1 of the Dungeon)
 i - a +0 plate armour
   (You found it on level 2 of the Dungeon)
 l - a +0 robe
   (You found it on level 2 of the Dungeon)
 n - a +0 scale mail
   (You found it on level 2 of the Dungeon)
 o - a +0 leather armour
   (You found it on level 2 of the Dungeon)
 p - a +0 leather armour
   (You found it on level 2 of the Dungeon)
 w - a +0 chain mail
   (You took it off an orc priest on level 3 of the Dungeon)
 x - a +0 leather armour
   (You took it off an orc on level 3 of the Dungeon)
 y - a +0 chain mail
   (You found it on level 3 of the Dungeon)
 z - a +0 ring mail
   (You took it off an orc on level 3 of the Dungeon)
 D - a +0 leather armour
   (You found it on level 3 of the Dungeon)
 E - a +0 ring mail
   (You found it on level 3 of the Dungeon)
 G - a +0 chain mail
   (You found it on level 4 of the Dungeon)
 I - a +0 robe
   (You found it on level 4 of the Dungeon)
 N - a +0 scale mail
   (You found it on level 4 of the Dungeon)
 O - a +0 chain mail
   (You found it on level 4 of the Dungeon)
Magical Staves
 C - a staff of cold {rC+}
   (You found it on level 3 of the Dungeon)
Jewellery
 u - an amulet of regeneration (around neck) {+regen, !d}
   (You found it on level 3 of the Dungeon)
Scrolls
 d - a scroll of poison {unknown}
 k - 3 scrolls of enchant armour {unknown}
 m - 3 scrolls of fear {unknown}
 q - a scroll of enchant weapon {unknown}
 s - a scroll of fog {unknown}
 t - 4 scrolls of identify {unknown}
 v - a scroll of teleportation {unknown}
 A - 2 scrolls of immolation {!r}
 B - a scroll of amnesia {unknown}
 F - a scroll of blinking {unknown}
 L - a scroll of magic mapping {unknown}
Potions
 e - a potion of curing {unknown}
 g - 2 potions of brilliance {unknown}
 h - 3 potions of heal wounds
 j - a potion of haste {unknown}
 r - 3 potions of might {unknown}
 K - 2 potions of flight
 M - 2 potions of magic {unknown}


   Skills:
 + Level 5.3 Fighting
 * Level 7.7 Ranged Weapons
 - Level 1.5 Dodging
 - Level 1.1 Stealth


You had 6 spell levels left.
You didn't know any spells.
Your spell library contained the following spells:

 Spells                   Type           Power      Damage    Failure   Level
 Blink                    Tloc           0%         N/A       58%         2
 Manifold Assault         Tloc           0%         N/A       99%         4
 Storm Form               Tmut/Air       0%         N/A       100%        7


Dungeon Overview and Level Annotations

Branches:
Dungeon (5/15)              Sewer (visited)
 Temple: D:4-7

Altars:
Elyvilon
Yredelemnul

Shops:
D:4 ?(

Annotations:
D:4 Edmund


Innate Abilities, Weirdness & Mutations

You are immune to sickness and miasma.
Your stone body is resilient. (AC +4)
You are immune to poison.
You resist negative energy. (rN+)
You are resistant to electric shocks. (rElec)
You are resistant to unholy torment.
You are immune to petrification.


Message History

Health restored: 44 You shoot an arrow.
The arrow hits Edmund but does no damage.
Edmund drinks a potion.
Edmund flickers and vanishes!
Deactivating autopickup; reactivate with Ctrl-A.
No target in view!
You can't go down here!
Unknown command.
There is a stone staircase leading up here.
Something hits you.
You climb upwards.
Reactivating autopickup.
There is a stone staircase leading down here.
You take 4 damage, and have 40/44 hp.
Something hits you.
Deactivating autopickup; reactivate with Ctrl-A.
You take 1 damage, and have 39/44 hp.
You can't go up here!
Something hits you!
You take 9 damage, and have 30/44 hp.
MASSIVE DAMAGE!!
You regained 2 hp, and now have 34/44 hp.
Something hits you.
You take 1 damage, and have 38/44 hp.
Something hits you.
You take 4 damage, and have 36/44 hp.
Something hits you!
You take 8 damage, and have 32/44 hp.
You regained 2 hp, and now have 34/44 hp.
Something hits you.
You take 5 damage, and have 31/44 hp.
You aren't carrying any items that you can evoke.
You fade into invisibility!
Something hits you but does no damage.
You regained 2 hp, and now have 43/44 hp.
You aren't carrying any items that you can evoke.
You aren't carrying any items that you can evoke.
Health restored: 44 You flicker for a moment.
Edmund appears from thin air!
Reactivating autopickup.
You shoot an arrow. The arrow closely misses Edmund.
Edmund hits you but does no damage.
You shoot an arrow. The arrow hits Edmund!
The arrow freezes Edmund.
Edmund barely misses you.
You shoot an arrow.
The arrow hits Edmund but does no damage.
Edmund hits you with a +2 flail of protection!
You take 9 damage, and have 35/44 hp.
MASSIVE DAMAGE!!
You shoot an arrow.
The arrow hits Edmund but does no damage.
You flicker back into view.
Edmund says, "I might not be good at magic, but I can still kill you!"
Edmund hits you but does no damage.
You regained 2 hp, and now have 37/44 hp.
You shoot an arrow. The arrow closely misses Edmund.
Edmund hits you but does no damage.
Your +0 shortbow of freezing stops glowing.
Your +2 trident of venom begins to drip with poison!
b - a +2 trident of venom (weapon)
Edmund hits you with a +2 flail of protection!
You take 11 damage, and have 27/44 hp.
MASSIVE DAMAGE!!
You closely miss Edmund.
Edmund hits you with a +2 flail of protection.
You take 3 damage, and have 24/44 hp.
You are too injured to fight recklessly!
You are too injured to fight recklessly!
You are too injured to fight recklessly!
Edmund hits you with a +2 flail of protection.
You take 2 damage, and have 22/44 hp.
Edmund hits you with a +2 flail of protection.
You take 4 damage, and have 18/44 hp.
Edmund hits you but does no damage.
Edmund hits you with a +2 flail of protection.
You take 2 damage, and have 17/44 hp.
Edmund hits you with a +2 flail of protection.
* * * LOW HITPOINT WARNING * * *
You take 5 damage, and have 12/44 hp.
Edmund hits you but does no damage. Edmund closely misses you.
Edmund hits you with a +2 flail of protection.
* * * LOW HITPOINT WARNING * * *
You take 3 damage, and have 11/44 hp.
Edmund barely misses you. Edmund closely misses you.
You regained 2 hp, and now have 14/44 hp.
Edmund closely misses you.
Edmund hits you with a +2 flail of protection!
* * * LOW HITPOINT WARNING * * *
You take 6 damage, and have 9/44 hp.
Edmund hits you but does no damage.
Edmund hits you with a +2 flail of protection!
* * * LOW HITPOINT WARNING * * *
You take 7 damage, and have 3/44 hp.
Edmund attacks as you move away!
Edmund hits you with a +2 flail of protection.
* * * LOW HITPOINT WARNING * * *
You take 1 damage, and have 3/44 hp.
Edmund attacks as you move away!
Edmund hits you with a +2 flail of protection.
You die...

#...##..##.........#.##.
##..#.....#...........#.
##...#.##..#.............
##......##.............#.#
#........##.............##
##......####....#........#
##....#.###.......##......
##.....#.#.@........#......
#.........@.#..............
#........####..............
###..#......#......###......
##..###...#....#..........#..
#...##..#.##...###.....#.##..
##..#.)...............####...
##.....).....................
####...##......#>........##..##.
##..#....#..........#.....#...##.


You could see Edmund.

Vanquished Creatures
  Menkaure (D:4)
  2 black bears (D:4)
  A kobold brigand (Sewer)
  A howler monkey (D:4)
  An orc priest (D:3)
  A hound (D:4)
  Ijyb (D:5)
  7 adders
  A white imp (D:5)
  An ufetubus (D:5)
  3 worms
  3 dart slugs
  5 orcs
  10 ball pythons
  2 endoplasms (D:4)
  A giant cockroach (D:4)
  8 goblins
  6 hobgoblins
  2 jackals (Sewer)
  3 quokkas (D:1)
  4 bats
  2 frilled lizards
  10 kobolds
  7 rats
83 creatures vanquished.

Notes
Turn   | Place    | Note
-------+----------+-------------------------------------------
     0 | D:1      | IndexError the Gargoyle Hunter began the quest for the Orb.
     0 | D:1      | Reached XP level 1. HP: 12/12 MP: 1/1
    94 | D:1      | Reached XP level 2. HP: 18/18 MP: 2/2
   329 | D:1      | Reached XP level 3. HP: 22/22 MP: 3/3
   520 | D:2      | Found a basalt altar of Yredelemnul.
   601 | D:2      | Reached skill level 3 in Fighting
   985 | D:2      | Reached skill level 5 in Ranged Weapons
  1343 | D:3      | Reached XP level 4. HP: 28/28 MP: 4/4
  1486 | D:3      | HP: 7/28 [orc priest/+0 hand axe (7)]
  1487 | D:3      | HP: 2/28 [orc priest/+0 hand axe (4)]
  1985 | D:4      | Reached XP level 5. HP: 31/32 MP: 5/5
  1994 | D:4      | Found Deoceywu's Weapon Emporium.
  2085 | D:4      | Found a white marble altar of Elyvilon.
  2134 | D:4      | Noticed Menkaure
  2202 | D:4      | Found a glowing drain.
  2230 | Sewer    | Entered a sewer
  2289 | Sewer    | Noticed a kobold brigand
  2298 | Sewer    | Killed a kobold brigand
  2299 | Sewer    | Reached skill level 4 in Fighting
  2299 | Sewer    | Reached skill level 6 in Ranged Weapons
  2337 | Sewer    | Found a glowing silver altar of Zin.
  2436 | D:4      | Reached XP level 6. HP: 38/38 MP: 6/6
  2510 | D:4      | Noticed a black bear
  2524 | D:4      | Killed a black bear
  2546 | D:4      | Killed Menkaure
  2547 | D:4      | Reached skill level 7 in Ranged Weapons
  2547 | D:4      | Reached XP level 7. HP: 41/44 MP: 7/7
  2645 | D:4      | HP: 7/44 [black bear (6)]
  2646 | D:4      | HP: 1/44 [black bear (4)]
  2648 | D:4      | Reached skill level 5 in Fighting
  2827 | D:4      | Found Xemig's Magic Scroll Boutique.
  2833 | D:4      | Bought a scroll of brand weapon for 114 gold pieces
  2859 | D:5      | Entered Level 5 of the Dungeon
  2902 | D:5      | Noticed Ijyb
  2908 | D:5      | Noticed Edmund
  2910 | D:5      | Killed Ijyb
  2971 | D:4      | HP: 11/44 [Edmund/+2 flail of protection (4)]
  2977 | D:4      | HP: 3/44 [Edmund/+2 flail of protection (8)]
  2980 | D:4      | Slain by Edmund

Illustrated notes

Levels and vault maps discovered:
D:1:      amcnicky_arrival_abandoned_market, layout_rooms
D:2:      layout_loops_cross, basic_altar
D:3:      cheibrodos_pilgrimage, layout_loops_ring
D:4:      layout_cave_pools, kennysheep_mini, serial_shops, nicolae_shop_stone,
          kennysheep_little_box, cheibrodos_sewer_entry_bend, uniq_menkaure
D:5:      layout_rooms, grunt_temple_overflow_opulence,
          mainiacjoe_overflow_alcove_4, mainiacjoe_overflow_cross_hatched,
          dk_yredelemnul_ordeal, chequers_serial_rivers_micro_e,
          amcnicky_mini_pool_medium, uniq_ijyb, uniq_edmund,
          uniq_crazy_yiuf_cottage

Skill      XL: |  1  2  3  4  5  6  7 |
---------------+----------------------+-----
Fighting       | 3 4 5 |  5.3
Ranged Weapons | 5 6 7 |  7.7
Dodging        | |  1.5
Stealth        | |  1.1

Action                     |  1- 3 |  4- 6 |  7- 9 || total
---------------------------+-------+-------+-------++-------
  Melee: Trident           |       |     3 |     7 ||    10
   Fire: Shortbow          |   102 |   107 |    39 ||   248
    Use: Scroll            |       |       |     1 ||     1
         Potion            |       |       |     1 ||     1
 Armour: Leather armour    |    20 |    31 |    18 ||    69
  Dodge: Dodged            |    30 |    28 |    13 ||    71

Table legend: (Time is in decaauts)
 A = Elapsed time spent in this place.
 B = Non-inter-level travel time spent in this place.
 C = Inter-level travel time spent in this place.
 D = Time resting spent in this place.
 E = Time spent auto-exploring this place.
 F = Levels seen in this place.
 G = Mean time per level.
                   A        B        C        D        E       F      G
               +--------+--------+--------+--------+--------+-----+--------+
         Total |   3074 |   2916 |    158 |      0 |   2051 |   6 |  512.3 |
       Dungeon |   2897 |   2739 |    158 |      0 |   1933 |   5 |  579.4 |
         Sewer |    176 |    176 |      0 |      0 |    117 |   1 |  176.0 |
               +--------+--------+--------+--------+--------+-----+--------+

Top non-repeatable levels by time:
     D:4: 869 daAuts
     D:2: 776 daAuts
     D:3: 741 daAuts
     D:1: 471 daAuts
   Sewer: 176 daAuts
     D:5: 38 daAuts

Table legend:
 A = Kills in this place as a percentage of kills in entire the game.
 B = Kills by you in this place as a percentage of kills by you in the entire game.
 C = Kills by friends in this place as a percentage of kills by friends in the entire game.
 D = Other kills in this place as a percentage of other kills in the entire game.
 E = Experience gained in this place as a percentage of experience gained in the entire game.
 F = Experience gained in this place divided by the number of levels of this place that you have seen.
                   A       B       C       D       E      F
               +-------+-------+-------+-------+-------+----------------------
         Total | 100.0 | 100.0 |   N/A |   N/A | 100.0 | 154.5
       Dungeon |  89.2 |  89.2 |   N/A |   N/A |  88.6 | 164.2
         Sewer |  10.8 |  10.8 |   N/A |   N/A |  11.4 | 106.0
               +-------+-------+-------+-------+-------+----------------------
